 Dungeon Crawl Stone Soup version 0.29.1-2-gbd0b4ee654 (webtiles) character file.

Game seed: 9900318039663747876

441 Anriel the Conjurer (level 6, -1/32 (33) HPs)
             Began as a Deep Elf Conjurer on Oct 27, 2022.
             Was an Initiate of Sif Muna.
             Slain by a wight
             ... wielding a +4 scimitar
              (15 damage)
             ... on level 4 of the Dungeon.
             The game lasted 00:19:59 (3069 turns).

Anriel the Conjurer (Deep Elf Conjurer)             Turns: 3069, Time: 00:19:59

HP:   -1/32 (33)    AC:  6    Str:  4    XL:     6   Next: 71%
MP:   9/15          EV: 14    Int: 31    God:    Sif Muna [......]
Gold: 38            SH:  0    Dex: 19    Spells: 12/15 levels left

rFire   . . .      SeeInvis .   c - +0 rapier
rCold   . . .      Faith    .   (no shield)
rNeg    . . .      Spirit   .   a - +0 robe
rPois   .          Reflect  .   (no helmet)
rElec   .          Harm     .   y - +0 cloak
rCorr   .          Rampage  .   v - +1 pair of gloves
Will    .....                   f - +0 pair of boots
Stlth   +++.......              (no amulet)
HPRegen 0.10/turn               x - +6 ring of dexterity
MPRegen 0.14/turn               u - +6 ring of intelligence

@: lightly drained
A: no striking features
a: Renounce Religion


You were on level 4 of the Dungeon.
You worshipped Sif Muna.
Sif Muna was noncommittal.
You visited 2 branches of the dungeon, and saw 5 of its levels.

You collected 103 gold pieces.
You spent 65 gold pieces at shops.

Inventory:

Hand Weapons
 c - a +0 rapier (weapon)
 g - a +0 dagger of pain
Armour
 a - a +0 robe (worn)
 f - a +0 pair of boots (worn)
 o - a +0 helmet
 v - a +1 pair of gloves (worn)
 y - a +0 cloak (worn)
Jewellery
 q - a ring of willpower
 u - a +6 ring of intelligence (right hand)
 x - a +6 ring of dexterity (left hand)
Wands
 h - a wand of quicksilver (7)
Scrolls
 m - a scroll of summoning
 p - 2 scrolls of amnesia
Potions
 b - 2 potions of mutation
 d - a potion of brilliance {unknown}
 e - a potion of degeneration {unknown}
 i - 3 potions of invisibility
 j - 3 potions of haste
 k - a potion of resistance {unknown}
 l - a potion of might {unknown}
 s - 3 potions of curing
 w - 2 potions of magic


   Skills:
 + Level 0.6 Fighting
 + Level 2.0 Short Blades
 * Level 4.1 Dodging
 + Level 3.4 Stealth
 + Level 5.1 Spellcasting
 + Level 6.5 Conjurations


You had 12 spell levels left.
You knew the following spells:

 Your Spells              Type           Power      Damage    Failure   Level
a - Magic Dart            Conj           100%       1d8       1%          1
b - Searing Ray           Conj           96%        2d7       1%          2

Your spell library contained the following spells:

 Spells                   Type           Power      Damage    Failure   Level
 Dazzling Flash           Conj/Hex       56%        N/A       4%          3
 Iskenderun's Battlesphe  Conj           48%        2d10      10%         5
 Fulminant Prism          Conj/Hex       14%        3d9       14%         4
 Iskenderun's Mystic Bla  Conj/Tloc      28%        2d7       14%         4
 Fireball                 Conj/Fire      14%        3d8       36%         5
 Conjure Ball Lightning   Conj/Air       14%        3x3d6     91%         6
 Orb of Destruction       Conj           24%        9d9       97%         7


Dungeon Overview and Level Annotations

Branches:
Dungeon (4/15)             Temple (1/1) D:4

Altars:
Ashenzari
Cheibriados
Dithmenos
Elyvilon
Fedhas
Gozag
Kikubaaqudgha
Makhleb
Nemelex Xobeh
Qazlal
Ru
Sif Muna
Uskayaw
Vehumet
Wu Jian
Xom
Zin
The Shining One

Shops:
D:2 !


Message History

The wight hits you with a +4 scimitar!
The searing ray misses the wight.
The wight hits you with a +4 scimitar!
The searing ray hits the wight.
The wight is lightly damaged.
The wight hits you with a +4 scimitar.
The searing ray hits the wight.
The wight is heavily damaged.
You finish channelling your searing ray.
The wight closely misses you.
You feel much better. The wight hits you with a +4 scimitar.
Okay, then.
As you read the scroll of summoning, it crumbles to dust.
Wisps of shadow whirl around you... The wight hits you with a +4 scimitar!
You feel drained.
You swap places.
The wight hits your goblin with a +4 scimitar!
Your goblin dies!
Your goblin's corpse dissolves into shadows!
Your scorpion stings the wight.
Casting: Searing Ray (safe; 1% risk of failure)
Confirm with . or Enter, or press ? or * to list all spells.
Aiming: Magic Dart (safe; 1% risk of failure)
Press: ? - help, Shift-Dir - straight line, f/p - wight
Aim: a wight, wielding a +4 scimitar and wearing a +0 robe (almost destroyed, not watching you, ally target, 100% to hit)
The magic dart hits the wight but does no damage.
The wight is almost destroyed.
Your scorpion closely misses the wight.
You hit the wight but do no damage.
The wight is almost destroyed.
Your scorpion stings the wight.
The wight barely misses you.
Casting: Magic Dart (safe; 1% risk of failure)
Confirm with . or Enter, or press ? or * to list all spells.
Aiming: Magic Dart (safe; 1% risk of failure)
Press: ? - help, Shift-Dir - straight line, f/p - wight
Aim: a wight, wielding a +4 scimitar and wearing a +0 robe (almost destroyed, ally target, 100% to hit)
The magic dart hits the wight but does no damage.
The wight is almost destroyed.
Your scorpion stings the wight but does no damage.
The wight hits you with a +4 scimitar!
You die...

.....).# #..≈≈.._......#.#
#####..### #..§≈§....##..#.#
.........# #.........##..#.#
...)...#)# ##....≈≈.....##.#
.......#.####....≈≈.....##.#
.......#.#..'#.........###.#
.......#)#.##(##.....### #.#
########...#..s.##.###.# #.#
###.....z@...##.# #.#
#..........##.# #.# ###
#..##########.# #.#
....#...##### #.###.#
##.........# #.....#
.............# #..##.#
####.........# #.###.#
#...z.....## #.#...#
#....#.8.#.####.#.###


You could see a wight (ally target) and a friendly scorpion (summoned).

Vanquished Creatures
  Grinder (D:3)
  A wight (D:4)
  A hound (D:4)
  6 adders
  An adder zombie (D:2)
  An adder skeleton (D:2)
  A worm (D:2)
  2 dart slugs (D:1)
  3 orcs (D:3)
  A bat skeleton (D:2)
  7 endoplasms
  3 giant cockroaches (D:1)
  20 goblins
  6 hobgoblins
  2 jackals (D:4)
  3 kobolds
  2 quokkas
  2 ball pythons (D:2)
  A ball python skeleton (D:2)
  4 bats
  6 frilled lizards
  A quokka zombie (D:2)
  4 rats
79 creatures vanquished.

Vanquished Creatures (collateral kills)
  Robin (D:2)
  2 goblins (D:2)
  A frilled lizard (D:2)
4 creatures vanquished.

Vanquished Creatures (others)
  A plant (D:3)
1 creature vanquished.

Grand Total: 84 creatures vanquished

Notes
Turn   | Place    | Note
-------+----------+-------------------------------------------
     0 | D:1      | Anriel the Deep Elf Conjurer began the quest for the Orb.
     0 | D:1      | Reached XP level 1. HP: 10/10 MP: 6/6
   189 | D:1      | Reached XP level 2. HP: 14/15 MP: 4/8
   362 | D:1      | Reached skill level 5 in Conjurations
   374 | D:1      | Found a faded altar of an unknown god.
  1016 | D:2      | Reached XP level 3. HP: 19/19 MP: 6/9
  1019 | D:2      | Learned a level 2 spell: Searing Ray
  1434 | D:2      | Noticed Robin
  1452 | D:2      | Reached XP level 4. HP: 14/24 MP: 1/11
  1460 | D:2      | Killed Robin
  1564 | D:2      | Found Oza Gazouf's Distillery.
  1648 | D:2      | Bought a potion of heal wounds for 65 gold pieces
  2154 | D:3      | Noticed Grinder
  2172 | D:3      | Killed Grinder
  2173 | D:3      | Reached skill level 1 in Short Blades
  2173 | D:3      | Reached skill level 6 in Conjurations
  2173 | D:3      | Reached XP level 5. HP: 10/28 MP: 1/14
  2173 | D:3      | Reached XP level 6. HP: 12/33 MP: 1/15
  2612 | D:4      | Found an ornate altar of the Wu Jian Council.
  2697 | D:4      | Reached skill level 5 in Spellcasting
  2820 | D:4      | Found a staircase to the Ecumenical Temple.
  2829 | Temple   | Entered the Ecumenical Temple
  3004 | Temple   | Became a worshipper of Sif Muna the Loreminder
  3069 | D:4      | Slain by a wight

Illustrated notes

Levels and vault maps discovered:
D:1:      wheals_arrival_linesprint, layout_basic,
          hellmonk_ecumenical_altar_inner_sanctum
D:2:      layout_loops_cross, serial_shops, shop, serial_undead,
          serial_undead_f, serial_undead_b, serial_undead_d, serial_undead_a,
          serial_undead_e, serial_undead_f, uniq_robin
D:3:      layout_rooms, minivault_4, serial_bayou_crossing, uniq_grinder
D:4:      layout_basic, nicolae_wu_jian_wuxing_cycle,
          minmay_temple_entry_statues_pillars
Temple:   minmay_crystal_spiral_temple

Skill      XL: |  1  2  3  4  5  6 |
---------------+-------------------+-----
Conjurations   | 5 6 |  6.5
Dodging        | 3 4 |  4.1
Short Blades   | 1 2 |  2.0
Stealth        | 3 |  3.4
Spellcasting   | 4 5 |  5.1
Fighting       | |  0.6

Action                   |  1- 3 |  4- 6 || total
-------------------------+-------+-------++-------
Melee: Dagger            |    27 |     3 ||    30
       Rapier            |       |    23 ||    23
 Cast: Magic Dart        |    51 |    57 ||   108
       Searing Ray       |     3 |     7 ||    10
  Use: Scroll            |       |    11 ||    11
       Potion            |       |     3 ||     3
 Stab: Sleeping          |       |     1 ||     1
Armor: Robe              |     6 |     5 ||    11
Dodge: Dodged            |    18 |    26 ||    44
